 Dungeon Crawl Stone Soup version 0.29-a0-43-g62a80824bf (webtiles) character file.

Game seed: 868200777841293442

19337 sanka the Destroyer (level 12, -1/91 HPs)
             Began as a Gnoll Conjurer on Feb 1, 2022.
             Was a Follower of Ashenzari.
             Killed from afar by Azrael (24 damage)
             ... with damnation
             ... on level 12 of the Dungeon on Feb 2, 2022.
             The game lasted 00:29:13 (18544 turns).

sanka the Destroyer (Gnoll Conjurer)               Turns: 18544, Time: 00:29:14

Health: -1/91      AC: 20    Str:  7    XL:     12   Next: 67%
Magic:  25/25      EV: 16    Int: 21    God:    Ashenzari [*.....]
Gold:   780        SH:  0    Dex: 18    Spells: 8/29 levels left

rFire   . . .      SeeInvis .   U - +2 whip (elec)
rCold   . . .      Faith    .   (no shield)
rNeg    . . .      Spirit   .   Y - +0 acid dragon scales "Share My Submission" {rCorr, Evo, Cun} (curse)
rPois   .          Reflect  .   N - +0 helmet
rElec   .          Harm     .   E - +2 cloak
rCorr   +          Rampage  .   I - +1 pair of gloves
Will    .....                   g - +0 pair of boots
Stlth   ++++......              (no amulet)
HPRegen 0.25/turn               Z - ring "Oracular Heresy" {Dex+6, Comp, Bglg} (curse)
MPRegen 0.19/turn               s - +4 ring of protection

@: studying Earth Magic
A: fangs 1, strong nose, distributed training
a: Renounce Religion, Curse Item, Shatter the Chains


You were on level 12 of the Dungeon.
You worshipped Ashenzari.
Ashenzari was aware of your devotion.
You visited 2 branches of the dungeon, and saw 13 of its levels.
You also visited: Ossuary.

You collected 906 gold pieces.
You spent 126 gold pieces at shops.


Innate Abilities, Weirdness & Mutations

You have very sharp teeth.
Your uncanny sense of smell can sniff out nearby items.
Your experience applies equally to all skills.


   Skills:
 + Level 7.5 Fighting
 + Level 7.5 Short Blades
 + Level 7.5 Long Blades
 + Level 7.5 Axes
 + Level 7.5 Maces & Flails
 + Level 7.5 Polearms
 + Level 7.5 Staves
 + Level 7.5 Slings
 + Level 7.5 Bows
 + Level 7.5 Crossbows
 + Level 7.5 Throwing
 + Level 7.5 Armour
 + Level 8.9(9.7) Dodging
 + Level 8.7(9.5) Stealth
 + Level 7.5 Shields
 + Level 7.5 Unarmed Combat
 + Level 9.1 Spellcasting
 + Level 9.5(10.4) Conjurations
 + Level 6.2(7.1) Hexes
 + Level 6.2(7.1) Summonings
 + Level 6.2(7.1) Necromancy
 + Level 6.2(7.1) Translocations
 + Level 6.2 Transmutations
 + Level 6.2 Fire Magic
 + Level 6.2 Ice Magic
 + Level 6.2 Air Magic
 + Level 7.3 Earth Magic
 + Level 6.2 Poison Magic
 + Level 8.2 Invocations
 + Level 7.5(8.4) Evocations


You had 8 spell levels left.
You knew the following spells:

 Your Spells              Type           Power      Damage    Failure   Level
c - Sticky Flame          Conj/Fire      44%        2d6       3%          4
v - Stone Arrow           Conj/Erth      94%        3d12      1%          3
x - Searing Ray           Conj           100%       2d8       1%          2
z - Magic Dart            Conj           100%       1d8       1%          1
C - Olgreb's Toxic Radia  Pois           35%        N/A       9%          4
N - Passwall              Tmut/Erth      31%        N/A       1%          2
X - Irradiate             Conj/Tmut      22%        3d21      11%         5

Your spell library contained the following spells:

 Spells                   Type           Power      Damage    Failure   Level
 Foxfire                  Conj/Fire      100%       2x1d9     1%          1
 Freeze                   Ice            100%       1d11      1%          1
 Sandblast                Erth           80%        2d17      1%          1
 Sting                    Tmut/Pois      100%       1d8       1%          1
 Poisonous Vapours        Pois/Air       70%        N/A       1%          2
 Static Discharge         Conj/Air       44%        N/A       1%          2
 Sublimation of Blood     Necr           39%        N/A       1%          2
 Call Canine Familiar     Summ           39%        N/A       1%          3
 Conjure Flame            Conj/Fire      44%        6-21      1%          3
 Dazzling Flash           Conj/Hex       92%        N/A       1%          3
 Portal Projectile        Hex/Tloc       78%        N/A       1%          3
 Frozen Ramparts          Ice            70%        1d9       2%          3
 Inner Flame              Hex/Fire       37%        N/A       2%          3
 Flame Wave               Conj/Fire      44%        2d10      3%          4
 Fulminant Prism          Conj/Hex       23%        3d13      3%          4
 Hailstorm                Conj/Ice       44%        3d10      3%          4
 Iskenderun's Mystic Bla  Conj/Tloc      46%        2d10      3%          4
 Dispel Undead            Necr           39%        3d16      6%          4
 Leda's Liquefaction      Hex/Erth       20%        N/A       6%          4
 Petrify                  Tmut/Erth      38%        N/A       7%          4
 Starburst                Conj/Fire      22%        6d7       52%         6

Inventory:

Hand Weapons
 U - a +2 whip of electrocution (weapon)
Armour
 g - a +0 pair of boots (worn)
 k - an orb of energy
 E - a +2 cloak (worn)
 I - a +1 pair of gloves (worn)
 N - a +0 helmet (worn)
 Y - the cursed +0 acid dragon scales "Share My Submission" (worn) {rCorr, Evo, Cun} rCorr: It protects you from acid and corrosion. It has a curse which improves the following skills: Evocations: Evocations. Cunning: Dodging and Stealth.
Magical Staves
 c - a staff of fire
Jewellery
 e - an amulet of guardian spirit
 h - a ring of fire
 s - a +4 ring of protection (right hand)
 t - a ring of poison resistance
 M - a ring of protection from cold
 Q - a ring of magical power
 Z - the cursed ring "Oracular Heresy" (left hand) {Dex+6, Comp, Bglg}

   [ring of dexterity]

   Dex:       It affects your dexterity (+6).
   It has a curse which improves the following skills: Companions: Summonings
   and Necromancy.
   Beguiling: Conjurations, Hexes and Translocations.
Wands
 w - a wand of paralysis (8)
 K - a wand of polymorph (15)
 O - a wand of iceblast (11)
 S - a wand of acid (3)
 T - a wand of charming (5)
Scrolls
 f - a scroll of enchant weapon
 i - 2 scrolls of fear
 j - a scroll of silence {!r}
 l - a scroll of holy word
 m - 3 scrolls of amnesia
 q - a scroll of torment {!r}
 r - a scroll of enchant armour
 y - a scroll of blinking
 D - 6 scrolls of immolation {!r}
 F - 4 scrolls of teleportation {@r4}
 J - 8 scrolls of vulnerability {!r}
 L - a scroll of acquirement
 R - 2 scrolls of fog
 V - a scroll of magic mapping
 W - a scroll of summoning
 X - a scroll of noise {!r}
Potions
 n - 3 potions of ambrosia
 o - a potion of flight
 p - a potion of magic
 v - 6 potions of curing {@q1}
 x - 3 potions of brilliance
 z - 4 potions of mutation {!q}
 A - 2 potions of might
 B - 3 potions of attraction {!q}
 C - 3 potions of heal wounds {@q2}
 H - a potion of lignification {!q}
 P - a potion of degeneration {!q}

Dungeon Overview and Level Annotations

Branches:
Dungeon (12/15)            Temple (1/1) D:5            Lair (0/6) D:10
    Orc (0/2) D:12        Ossuary (visited)

Altars:
Ashenzari
Cheibriados
Dithmenos
Elyvilon
Fedhas
Gozag
Hepliaklqana
Kikubaaqudgha
Makhleb
Nemelex Xobeh
Okawaru
Qazlal
Ru
Sif Muna
Trog
Uskayaw
Vehumet
Wu Jian
Xom
Yredelemnul
Zin
The Shining One

Shops:
D:4 (   D:5 [   D:10 (

Annotations:
D:12 Azrael

..▒ ▒........▒▒▒▒ ..▒ ..▒
▒........▒ ▒▒ ▒▒▒
▒▒▒▒▒.▒▒▒▒ ▒▒>▒ ▒▒ ▒..▒ .▒
▒▒▒▒'▒▒▒▒ .▒
▒▒▒▒.......▒▒▒ .
.▒▒▒▒..'.......'.▒ ...
.▒▒...▒▒.......▒g▒▒▒▒h....
.▒▒.▒▒▒▒.......▒....hhh...
.▒..▒ ▒.......▒▒▒▒▒▒h.R§.
...▒▒ ▒.......▒ ... .▒▒▒
▒▒▒▒▒▒▒▒▒ . .▒ ▒▒


You could see Azrael and 4 hell hounds.


Message History

Found a potion of might.
A hell hound comes into view.
A hell hound is nearby!
A hell hound is nearby!
Azrael and a hell hound come into view.
Azrael is wielding a +0 scimitar of flaming.
A hell hound comes into view.
Azrael gestures at you.
The sphere of damnation explodes!
The damnation engulfs you!!
The hell hound barks!
The hell hound breathes flames at you.
The blast of flame hits the hell hound.
The hell hound completely resists.
The blast of flame hits you!
A hog comes into view.
Azrael gestures at you.
The sphere of damnation explodes!
The damnation engulfs you!!
* * * LOW HITPOINT WARNING * * *
A hell hound comes into view.
The hell hound breathes flames at you. The blast of flame hits you.
* * * LOW HITPOINT WARNING * * *
The hell hound breathes flames at you. The blast of flame misses you.
Azrael gestures at you.
The sphere of damnation explodes!
The damnation engulfs you!!
You die...

Action                   |  1- 3 |  4- 6 |  7- 9 | 10-12 || total
-------------------------+-------+-------+-------+-------++-------
Melee: Dagger            |       |     9 |    73 |       ||    82
       Bite              |       |       |    16 |    21 ||    37
       Flail             |       |       |    62 |    44 ||   106
       Quarterstaff      |       |       |     7 |       ||     7
       Punch             |       |       |     2 |     8 ||    10
       Whip              |       |       |       |    78 ||    78
 Cast: Magic Dart        |    67 |    58 |   113 |    31 ||   269
       Searing Ray       |       |     5 |    31 |     1 ||    37
       Stone Arrow       |       |       |       |   224 ||   224
       Sticky Flame      |       |       |       |    19 ||    19
Invok: Curse Item        |       |       |       |     2 ||     2
Evoke: Wand              |       |       |     2 |     7 ||     9
  Use: Potion            |       |       |     1 |       ||     1
       Scroll            |       |       |       |    11 ||    11
 Stab: Sleeping          |       |       |     5 |       ||     5
       Paralysed         |       |       |     6 |       ||     6
Armor: Robe              |       |     4 |    68 |    79 ||   151
       Acid dragon scale |       |       |       |   116 ||   116
Dodge: Dodged            |       |    12 |   163 |   283 ||   458

Levels and vault maps discovered:
D:1:      lightli_arrival_statuegarden, layout_basic,
          chequers_ecumenical_altar_simple, chequers_serial_rivers_micro_a
D:2:      layout_basic, basic_altar
D:3:      layout_loops_ring, minmay_hedge_maze
D:4:      layout_loops_ring, nicolae_wu_jian_immortal_techniques,
          enter_ossuary_3, serial_shops, shop_fountains, uniq_crazy_yiuf_cottage
D:5:      layout_rooms, minmay_temple_entry_statues_fountains,
          nicolae_take_the_stairs
D:6:      layout_cave_pods, minmay_fractal_squares_5
D:7:      layout_basic
D:8:      layout_loops_ring, nemelex_diamond_rough_becter, lightli_orcish_oven
D:9:      layout_roguey, doesnt_xom_only_xom, mainiacjoe_overflow_alcove_2,
          grunt_temple_overflow_cloverleaf, kennysheep_mini
D:10:     cheibrodos_fzero, layout_long_grid,
          mainiacjoe_overflow_surrounded_room, erik_lair_dragon, serial_shops,
          nicolae_square_shop, item_on_display_a
D:11:     layout_small_grid, uniq_erolcha
D:12:     layout_roguey, erik_orc_3, uniq_maurice, uniq_azrael
Temple:   nicolae_temple_no_exploring_needed

Notes
Turn   | Place    | Note
-------+----------+-------------------------------------------
     0 | D:1      | sanka the Gnoll Conjurer began the quest for the Orb.
     0 | D:1      | Reached XP level 1. HP: 13/13 MP: 6/6
   161 | D:1      | Reached XP level 2. HP: 19/19 MP: 3/7
   853 | D:1      | Found a faded altar of an unknown god.
  1186 | D:2      | Reached skill level 5 in Spellcasting
  1186 | D:2      | Reached XP level 3. HP: 25/25 MP: 4/9
  1287 | D:2      | Learned a level 2 spell: Searing Ray
  1352 | D:2      | Reached skill level 1 in Invocations
  1517 | D:2      | Found an ancient bone altar of Kikubaaqudgha.
  1520 | D:2      | Reached skill level 1 in Fighting
  1520 | D:2      | Reached skill level 1 in Short Blades
  1520 | D:2      | Reached skill level 1 in Long Blades
  1520 | D:2      | Reached skill level 1 in Axes
  1520 | D:2      | Reached skill level 1 in Maces & Flails
  1520 | D:2      | Reached skill level 1 in Polearms
  1520 | D:2      | Reached skill level 1 in Staves
  1520 | D:2      | Reached skill level 1 in Slings
  1520 | D:2      | Reached skill level 1 in Bows
  1520 | D:2      | Reached skill level 1 in Crossbows
  1520 | D:2      | Reached skill level 1 in Throwing
  1520 | D:2      | Reached skill level 1 in Armour
  1520 | D:2      | Reached skill level 1 in Shields
  1520 | D:2      | Reached skill level 1 in Unarmed Combat
  1520 | D:2      | Reached skill level 1 in Evocations
  2394 | D:3      | Reached XP level 4. HP: 32/32 MP: 7/11
  2597 | D:3      | Reached skill level 1 in Hexes
  2597 | D:3      | Reached skill level 1 in Summonings
  2597 | D:3      | Reached skill level 1 in Necromancy
  2597 | D:3      | Reached skill level 1 in Translocations
  2597 | D:3      | Reached skill level 1 in Transmutations
  2597 | D:3      | Reached skill level 1 in Fire Magic
  2597 | D:3      | Reached skill level 1 in Ice Magic
  2597 | D:3      | Reached skill level 1 in Air Magic
  2597 | D:3      | Reached skill level 1 in Earth Magic
  2597 | D:3      | Reached skill level 1 in Poison Magic
  2734 | D:3      | Noticed a scorpion
  2741 | D:3      | Killed a scorpion
  2742 | D:3      | Reached XP level 5. HP: 37/37 MP: 3/12
  3659 | D:4      | Noticed a phantom
  3665 | D:4      | Killed a phantom
  3666 | D:4      | Reached skill level 2 in Invocations
  3666 | D:4      | Reached XP level 6. HP: 44/44 MP: 5/14
  3735 | D:4      | Reached skill level 5 in Dodging
  3736 | D:4      | Reached skill level 2 in Fighting
  3736 | D:4      | Reached skill level 2 in Short Blades
  3736 | D:4      | Reached skill level 2 in Long Blades
  3736 | D:4      | Reached skill level 2 in Axes
  3736 | D:4      | Reached skill level 2 in Maces & Flails
  3736 | D:4      | Reached skill level 2 in Polearms
  3736 | D:4      | Reached skill level 2 in Staves
  3736 | D:4      | Reached skill level 2 in Slings
  3736 | D:4      | Reached skill level 2 in Bows
  3736 | D:4      | Reached skill level 2 in Crossbows
  3736 | D:4      | Reached skill level 2 in Throwing
  3736 | D:4      | Reached skill level 2 in Armour
  3736 | D:4      | Reached skill level 2 in Shields
  3736 | D:4      | Reached skill level 2 in Unarmed Combat
  3736 | D:4      | Reached skill level 2 in Evocations
  3758 | D:4      | Found Tiomoc's Antique Weapon Boutique.
  3761 | D:5      | Entered Level 5 of the Dungeon
  3794 | D:5      | Reached XP level 7. HP: 22/50 MP: 4/15
  3814 | D:4      | HP: 3/50 [gnoll (6)]
  3945 | D:4      | Found a sand-covered staircase.
  3970 | Ossuary  | Entered an ossuary
  4232 | Ossuary  | Reached skill level 2 in Hexes
  4232 | Ossuary  | Reached skill level 2 in Summonings
  4232 | Ossuary  | Reached skill level 2 in Necromancy
  4232 | Ossuary  | Reached skill level 2 in Translocations
  4232 | Ossuary  | Reached skill level 2 in Transmutations
  4232 | Ossuary  | Reached skill level 2 in Fire Magic
  4232 | Ossuary  | Reached skill level 2 in Ice Magic
  4232 | Ossuary  | Reached skill level 2 in Air Magic
  4232 | Ossuary  | Reached skill level 2 in Earth Magic
  4232 | Ossuary  | Reached skill level 2 in Poison Magic
  4390 | Ossuary  | Reached skill level 5 in Stealth
  4392 | Ossuary  | Reached skill level 3 in Invocations
  4394 | Ossuary  | Reached XP level 8. HP: 47/57 MP: 3/16
  4516 | Ossuary  | Reached skill level 3 in Fighting
  4516 | Ossuary  | Reached skill level 3 in Short Blades
  4516 | Ossuary  | Reached skill level 3 in Long Blades
  4516 | Ossuary  | Reached skill level 3 in Axes
  4516 | Ossuary  | Reached skill level 3 in Maces & Flails
  4516 | Ossuary  | Reached skill level 3 in Polearms
  4516 | Ossuary  | Reached skill level 3 in Staves
  4516 | Ossuary  | Reached skill level 3 in Slings
  4516 | Ossuary  | Reached skill level 3 in Bows
  4516 | Ossuary  | Reached skill level 3 in Crossbows
  4516 | Ossuary  | Reached skill level 3 in Throwing
  4516 | Ossuary  | Reached skill level 3 in Armour
  4516 | Ossuary  | Reached skill level 3 in Shields
  4516 | Ossuary  | Reached skill level 3 in Unarmed Combat
  4516 | Ossuary  | Reached skill level 3 in Evocations
  4663 | Ossuary  | Reached skill level 6 in Spellcasting
  5273 | D:4      | Found an ornate altar of the Wu Jian Council.
  5415 | D:4      | Found a runed translucent door.
  5416 | D:4      | Noticed Crazy Yiuf
  5548 | D:4      | Killed Crazy Yiuf
  5726 | D:5      | Found a staircase to the Ecumenical Temple.
  5735 | Temple   | Entered the Ecumenical Temple
  5993 | D:5      | Found Vismoh's Antique Armour Shop.
  6456 | D:6      | Reached skill level 3 in Hexes
  6456 | D:6      | Reached skill level 3 in Summonings
  6456 | D:6      | Reached skill level 3 in Necromancy
  6456 | D:6      | Reached skill level 3 in Translocations
  6456 | D:6      | Reached skill level 3 in Transmutations
  6456 | D:6      | Reached skill level 3 in Fire Magic
  6456 | D:6      | Reached skill level 3 in Ice Magic
  6456 | D:6      | Reached skill level 3 in Air Magic
  6456 | D:6      | Reached skill level 3 in Earth Magic
  6456 | D:6      | Reached skill level 3 in Poison Magic
  6456 | D:6      | Reached skill level 4 in Invocations
  6560 | D:6      | Reached skill level 6 in Dodging
  6560 | D:6      | Reached XP level 9. HP: 42/65 MP: 15/18
  6781 | D:5      | Killed an unseen horror
  6782 | D:5      | Reached skill level 4 in Fighting
  6782 | D:5      | Reached skill level 4 in Short Blades
  6782 | D:5      | Reached skill level 4 in Long Blades
  6782 | D:5      | Reached skill level 4 in Axes
  6782 | D:5      | Reached skill level 4 in Maces & Flails
  6782 | D:5      | Reached skill level 4 in Polearms
  6782 | D:5      | Reached skill level 4 in Staves
  6782 | D:5      | Reached skill level 4 in Slings
  6782 | D:5      | Reached skill level 4 in Bows
  6782 | D:5      | Reached skill level 4 in Crossbows
  6782 | D:5      | Reached skill level 4 in Throwing
  6782 | D:5      | Reached skill level 4 in Armour
  6782 | D:5      | Reached skill level 4 in Shields
  6782 | D:5      | Reached skill level 4 in Unarmed Combat
  6782 | D:5      | Reached skill level 4 in Evocations
  7261 | D:6      | Reached skill level 6 in Stealth
  7261 | D:6      | Reached skill level 8 in Conjurations
  7527 | D:6      | Noticed a two-headed ogre
  8369 | D:6      | Killed a two-headed ogre
  8370 | D:6      | Reached skill level 7 in Spellcasting
  8370 | D:6      | Reached skill level 5 in Invocations
  8458 | D:5      | Bought a helmet for 126 gold pieces
  8587 | D:7      | Reached skill level 4 in Hexes
  8587 | D:7      | Reached skill level 4 in Summonings
  8587 | D:7      | Reached skill level 4 in Necromancy
  8587 | D:7      | Reached skill level 4 in Translocations
  8587 | D:7      | Reached skill level 4 in Transmutations
  8587 | D:7      | Reached skill level 4 in Fire Magic
  8587 | D:7      | Reached skill level 4 in Ice Magic
  8587 | D:7      | Reached skill level 4 in Air Magic
  8587 | D:7      | Reached skill level 4 in Earth Magic
  8587 | D:7      | Reached skill level 4 in Poison Magic
  8587 | D:7      | Reached XP level 10. HP: 73/73 MP: 12/20
  8634 | D:7      | Learned a level 4 spell: Sticky Flame
  9314 | D:8      | Reached skill level 5 in Fighting
  9314 | D:8      | Reached skill level 5 in Short Blades
  9314 | D:8      | Reached skill level 5 in Long Blades
  9314 | D:8      | Reached skill level 5 in Axes
  9314 | D:8      | Reached skill level 5 in Maces & Flails
  9314 | D:8      | Reached skill level 5 in Polearms
  9314 | D:8      | Reached skill level 5 in Staves
  9314 | D:8      | Reached skill level 5 in Slings
  9314 | D:8      | Reached skill level 5 in Bows
  9314 | D:8      | Reached skill level 5 in Crossbows
  9314 | D:8      | Reached skill level 5 in Throwing
  9314 | D:8      | Reached skill level 5 in Armour
  9314 | D:8      | Reached skill level 5 in Shields
  9314 | D:8      | Reached skill level 5 in Unarmed Combat
  9314 | D:8      | Reached skill level 5 in Evocations
  9526 | D:8      | Learned a level 2 spell: Passwall
  9530 | D:8      | Learned a level 3 spell: Stone Arrow
  9644 | D:8      | Identified the +1 leather armour "Atuclonk" {Rampage Fly
                  | Int-4 Dex+9}
  9881 | D:8      | Found a sparkling altar of Nemelex Xobeh.
 10124 | D:9      | Found a shimmering altar of Xom.
 10127 | D:9      | Found a shimmering altar of Xom.
 10127 | D:9      | Found a white marble altar of Elyvilon.
 10129 | D:9      | Found a bloodstained altar of Trog.
 10129 | D:9      | Found a broken altar of Ashenzari.
 10129 | D:9      | Found a stormy altar of Qazlal.
 10332 | D:9      | Reached skill level 7 in Dodging
 10562 | D:9      | Found a snail-covered altar of Cheibriados.
 10842 | D:9      | Found a broken altar of Ashenzari.
 10846 | D:9      | Became a worshipper of Ashenzari the Shackled
 10852 | D:9      | Found a stormy altar of Qazlal.
 10866 | D:9      | Found a shadowy altar of Dithmenos.
 10869 | D:9      | Found an opulent altar of Gozag.
 10897 | D:9      | Noticed an unseen horror
 10899 | D:9      | Killed an unseen horror
 11081 | D:9      | Found a white marble altar of Elyvilon.
 11124 | D:9      | Upgraded the game from 0.29-a0-40-g8eb35efe60 to
                  | 0.29-a0-43-g62a80824bf
 11130 | D:9      | Learned a level 5 spell: Irradiate
 11136 | D:10     | Entered Level 10 of the Dungeon
 11136 | D:10     | Noticed a two-headed ogre
 11141 | D:10     | Killed a two-headed ogre
 11142 | D:10     | Reached skill level 7 in Stealth
 11142 | D:10     | Reached skill level 6 in Invocations
 11701 | D:10     | Noticed an orc knight
 11723 | D:10     | Reached XP level 11. HP: 56/81 MP: 8/22
 12007 | D:9      | Killed an orc knight
 12126 | D:10     | Noticed an orc knight
 12164 | D:10     | Reached skill level 6 in Fighting
 12164 | D:10     | Reached skill level 6 in Short Blades
 12164 | D:10     | Reached skill level 6 in Long Blades
 12164 | D:10     | Reached skill level 6 in Axes
 12164 | D:10     | Reached skill level 6 in Maces & Flails
 12164 | D:10     | Reached skill level 6 in Polearms
 12164 | D:10     | Reached skill level 6 in Staves
 12164 | D:10     | Reached skill level 6 in Slings
 12164 | D:10     | Reached skill level 6 in Bows
 12164 | D:10     | Reached skill level 6 in Crossbows
 12164 | D:10     | Reached skill level 6 in Throwing
 12164 | D:10     | Reached skill level 6 in Armour
 12164 | D:10     | Reached skill level 6 in Shields
 12164 | D:10     | Reached skill level 6 in Unarmed Combat
 12164 | D:10     | Reached skill level 5 in Earth Magic
 12164 | D:10     | Reached skill level 6 in Evocations
 12535 | D:10     | Reached skill level 5 in Hexes
 12535 | D:10     | Reached skill level 5 in Summonings
 12535 | D:10     | Reached skill level 5 in Necromancy
 12535 | D:10     | Reached skill level 5 in Translocations
 12535 | D:10     | Reached skill level 5 in Transmutations
 12535 | D:10     | Reached skill level 5 in Fire Magic
 12535 | D:10     | Reached skill level 5 in Ice Magic
 12535 | D:10     | Reached skill level 5 in Air Magic
 12535 | D:10     | Reached skill level 5 in Poison Magic
 12755 | D:10     | Reached skill level 8 in Spellcasting
 13097 | D:10     | Found a burning altar of Makhleb.
 13131 | D:10     | Noticed a deep elf pyromancer
 13140 | D:10     | Killed a deep elf pyromancer
 13331 | D:10     | Killed an orc knight
 13821 | D:10     | Identified +0 acid dragon scales
 13823 | D:10     | Reached skill level 9 in Conjurations
 13823 | D:10     | Reached skill level 7 in Invocations
 14304 | D:10     | Found a staircase to the Lair.
 14426 | D:10     | Found Jolumaiz's Weapon Shoppe.
 14461 | D:10     | Reached skill level 8 in Dodging
 15113 | D:10     | Reached skill level 6 in Earth Magic
 15169 | D:11     | Noticed a seven-headed hydra
 15247 | D:10     | Reached skill level 8 in Stealth
 15441 | D:10     | Killed a seven-headed hydra
 15868 | D:11     | Noticed a two-headed ogre
 15875 | D:11     | Killed a two-headed ogre
 15876 | D:11     | Reached XP level 12. HP: 89/89 MP: 8/24
 16011 | D:11     | Noticed a boulder beetle
 16388 | D:10     | Killed a boulder beetle
 16389 | D:10     | Reached skill level 7 in Fighting
 16389 | D:10     | Reached skill level 7 in Short Blades
 16389 | D:10     | Reached skill level 7 in Long Blades
 16389 | D:10     | Reached skill level 7 in Axes
 16389 | D:10     | Reached skill level 7 in Maces & Flails
 16389 | D:10     | Reached skill level 7 in Polearms
 16389 | D:10     | Reached skill level 7 in Staves
 16389 | D:10     | Reached skill level 7 in Slings
 16389 | D:10     | Reached skill level 7 in Bows
 16389 | D:10     | Reached skill level 7 in Crossbows
 16389 | D:10     | Reached skill level 7 in Throwing
 16389 | D:10     | Reached skill level 7 in Armour
 16389 | D:10     | Reached skill level 7 in Shields
 16389 | D:10     | Reached skill level 7 in Unarmed Combat
 16389 | D:10     | Reached skill level 7 in Evocations
 16509 | D:11     | Noticed a two-headed ogre
 16513 | D:11     | Killed a two-headed ogre
 16834 | D:11     | Identified the +6 dagger of the Dungeon {holy, Fly}
 16858 | D:11     | Noticed a boulder beetle
 16869 | D:11     | Killed a boulder beetle
 16870 | D:11     | Reached skill level 6 in Hexes
 16870 | D:11     | Reached skill level 6 in Summonings
 16870 | D:11     | Reached skill level 6 in Necromancy
 16870 | D:11     | Reached skill level 6 in Translocations
 16870 | D:11     | Reached skill level 6 in Transmutations
 16870 | D:11     | Reached skill level 6 in Fire Magic
 16870 | D:11     | Reached skill level 6 in Ice Magic
 16870 | D:11     | Reached skill level 6 in Air Magic
 16870 | D:11     | Reached skill level 6 in Poison Magic
 16887 | D:11     | Noticed Erolcha
 17149 | D:11     | Killed Erolcha
 17150 | D:11     | Reached skill level 7 in Earth Magic
 17150 | D:11     | Reached skill level 8 in Invocations
 17235 | D:11     | Learned a level 4 spell: Olgreb's Toxic Radiance
 17665 | D:12     | Reached skill level 9 in Spellcasting
 17700 | D:12     | Reached * piety under Ashenzari
 17700 | D:12     | Identified a scroll of acquirement
 17940 | D:12     | Found a staircase to the Orcish Mines.
 17994 | D:12     | Noticed Maurice
 18009 | D:12     | Killed Maurice
 18541 | D:12     | Noticed Azrael
 18544 | D:12     | Killed from afar by Azrael

Vanquished Creatures
  Erolcha (D:11)
  2 boulder beetles
  A hydra (D:10)
  4 two-headed ogres
  2 orc knights
  A deep elf pyromancer (D:10)
  An ugly thing (D:12)
  A cyclops (D:12)
  Maurice (D:12)
  A gargoyle (D:10)
  3 unseen horrors
  5 kobold demonologists (D:10)
  3 komodo dragons
  2 trolls
  2 wyverns
  A vampire (D:9)
  7 yaks
  3 shadows
  3 basilisks (D:10)
  8 vampire mosquitoes
  A warg (D:12)
  2 orc warriors
  2 sky beasts (D:6)
  3 ice beasts
  An ogre (D:12)
  6 centaurs
  2 phantoms (D:4)
  2 kobold brigands (D:11)
  2 bullfrogs (D:8)
  5 scorpions
  2 gnoll sergeants (D:10)
  10 water moccasin zombies
  A wyvern zombie (D:7)
  2 water moccasin skeletons
  4 killer bees
  4 howler monkeys (D:9)
  5 wights (D:9)
  4 centaur zombies
  4 orc priests
  A gnoll shaman (D:10)
  7 hounds
  A jelly (D:7)
  Crazy Yiuf (D:4)
  7 orc wizards
  A hound zombie (D:5)
  2 mummies (Ossuary)
  2 howler monkey zombies
  6 gnolls
  6 adders
  A shadow imp (D:8)
  2 white imps
  8 adder zombies (Ossuary)
  A worm (D:2)
  A dart slug (D:3)
  32 orcs
  9 ball pythons
  10 endoplasms
  4 giant cockroaches
  2 gnoll zombies (Ossuary)
  10 goblins
  8 hobgoblins
  4 quokkas
  A bat (D:2)
  6 frilled lizards
  7 hobgoblin zombies (Ossuary)
  A jackal zombie (D:4)
  4 kobolds (D:1)
  3 kobold zombies (Ossuary)
  6 orc zombies (Ossuary)
  6 rats
274 creatures vanquished.

Vanquished Creatures (others)
  An acid dragon (D:10)
1 creature vanquished.

Grand Total: 275 creatures vanquished
